[Event "Titled Tuesday Blitz April 18 Early 2023"]
[White "Korchmar, Vasiliy"]
[Black "Bilan, Danila"]
[WhiteFideId "24131750"]
[BlackFideId "24161918"]
[WhiteElo "2370"]
[BlackElo "2182"]
[Result "1-0"]
[Round "06"]
[TimeControl "180+2"]
[Date "2023.04.18"]
[WhiteClock "0:02:01"]
[BlackClock "0:00:04"]

1. e4 c6 2. d4 d5 3. e5 c5 4. dxc5 e6 5. Nf3 Bxc5 6. Bd3 Ne7 7. O-O Ng6 8. a3 Nc6 9. b4 Bb6 10. Re1 Bd7 11. Nbd2 Qc7 12. c4 Ncxe5 13. Bxg6 hxg6 14. c5 Nxf3+ 15. Nxf3 Bxc5 16. bxc5 Qxc5 17. Be3 Qa5 18. Rc1 O-O 19. Ne5 Ba4 20. Qd4 b6 21. h4 Rac8 22. Qf4 Rxc1 23. Rxc1 Be8 24. Rc8 Qxa3 25. Rxe8 Rxe8 26. Qxf7+ Kh7 27. Qxg6+ Kg8 28. Qxe8+ Kh7 29. Qxe6 Qa1+ 30. Kh2 Qd1 31. Qf5+ Kg8 32. h5 a5 33. h6 gxh6 34. Qg6+ Kf8 35. Qf7# 1-0


[Site "https://www.chess.com"]

[Event "Titled Tuesday Blitz April 18 Early 2023"]
[White "Principe, Alexander"]
[Black "Colas, Joshua"]
[WhiteFideId "3804542"]
[BlackFideId "2044447"]
[WhiteElo "2203"]
[BlackElo "2347"]
[Result "1-0"]
[Round "06"]
[TimeControl "180+2"]
[Date "2023.04.18"]
[WhiteClock "0:00:07"]
[BlackClock "0:00:14"]

1. e4 c5 2. Nf3 e6 3. d4 cxd4 4. Nxd4 a6 5. Bd3 Qc7 6. c4 Nc6 7. Be3 Ne5 8. O-O Nxd3 9. Qxd3 b6 10. Nc3 Bb7 11. Rac1 Nf6 12. f3 Bd6 13. f4 Ng4 14. e5 Bc5 15. Ne4 Nxe3 16. Qxe3 Bxe4 17. Qxe4 O-O 18. Rfd1 f6 19. exf6 Rae8 20. Kh1 Rxf6 21. Ne2 e5 22. f5 d6 23. g4 Qf7 24. Rd3 b5 25. b3 bxc4 26. Rxc4 h5 27. h3 hxg4 28. hxg4 Rh6+ 29. Kg2 Qe7 30. Qd5+ Kh7 31. Rh3 Rxh3 32. Kxh3 Qg5 33. Ng3 Rf8 34. Qe4 Rf6 35. Nh5 Rh6 36. b4 Bf2 37. Kg2 Rxh5 38. Kxf2 Rh2+ 39. Kg1 Qd2 40. f6+ Kh6 41. g5+ Kxg5 42. Qg4+ Kxf6 43. Qf3+ Ke6 44. Qg4+ Kf6 45. Qf3+ Kg6 46. Qg3+ Kh6 47. Qxh2+ 1-0


[Site "https://www.chess.com"]

[Event "Titled Tuesday Blitz April 18 Early 2023"]
[White "Djordjevic, Vuk"]
[Black "Osinenko, Anton"]
[WhiteFideId "902098"]
[BlackFideId "4158970"]
[WhiteElo "2452"]
[BlackElo "2294"]
[Result "1-0"]
[Round "06"]
[TimeControl "180+2"]
[Date "2023.04.18"]
[WhiteClock "0:00:09"]
[BlackClock "0:00:05"]

1. e4 Nc6 2. d4 d5 3. Bf4 dxe4 4. d5 e5 5. Bg3 Nce7 6. Nc3 Nf6 7. Bb5+ Bd7 8. Bxe5 Bxb5 9. Bxf6 gxf6 10. Nxb5 a6 11. Nc3 f5 12. Nge2 Bg7 13. Nf4 Qd6 14. Qd2 O-O-O 15. O-O-O Bh6 16. g3 Ng6 17. Nce2 Rhe8 18. Kb1 Qc5 19. Qe3 Qd6 20. c4 Nxf4 21. gxf4 Rg8 22. Nd4 Qxf4 23. Qh3 Kb8 24. Nxf5 Bg5 25. Rhf1 Bf6 26. Ng3 Rg6 27. Qxh7 Qe5 28. Rd2 Rg7 29. Qh5 Rg5 30. Qe2 b5 31. Nxe4 bxc4 32. Nxg5 Qxe2 33. Rxe2 Bxg5 34. Rd1 Kb7 35. Re4 Kb6 36. Rxc4 c6 37. Rxc6+ Kb5 38. Rd4 Rg8 39. Rg4 Rg7 40. h4 Bh6 41. Rxg7 Bxg7 42. Kc2 Be5 43. h5 a5 44. h6 a4 45. h7 Bd4 46. f4 Bg7 47. b3 axb3+ 48. axb3 Kb4 49. d6 f5 50. d7 1-0


[Site "https://www.chess.com"]

[Event "Titled Tuesday Blitz April 18 Early 2023"]
[White "Cnejev, Vladimir-Alexandru"]
[Black "Brunner, Nicolas"]
[WhiteFideId "1260898"]
[BlackFideId "620246"]
[WhiteElo "2132"]
[BlackElo "2327"]
[Result "0-1"]
[Round "06"]
[TimeControl "180+2"]
[Date "2023.04.18"]
[WhiteClock "0:00:07"]
[BlackClock "0:01:20"]

1. e4 e5 2. Nf3 Nf6 3. Nxe5 d6 4. Nf3 Nxe4 5. Nc3 Nxc3 6. dxc3 Be7 7. Be3 O-O 8. Qd2 Nd7 9. O-O-O Nf6 10. Bd3 c5 11. h4 Be6 12. Kb1 Qa5 13. c4 Qxd2 14. Bxd2 h6 15. Rhe1 d5 16. cxd5 Nxd5 17. Bc4 Bf6 18. Ne5 Rad8 19. f4 Bxh4 20. Rf1 Bf6 21. f5 Bxe5 22. fxe6 fxe6 23. Rfe1 Bf4 24. Rxe6 Bxd2 25. Rxd2 b5 26. Rxd5 bxc4 27. Rxd8 Rxd8 28. Kc1 Rf8 29. Re5 Rf1+ 30. Kd2 Rf2+ 31. Kc3 Rxg2 32. Rxc5 g5 33. Rxc4 h5 34. b4 h4 35. Rd4 h3 36. Rd1 h2 37. Rh1 g4 38. a4 g3 0-1


[Site "https://www.chess.com"]

[Event "Titled Tuesday Blitz April 18 Early 2023"]
[White "Bilych, Olexiy"]
[Black "Gubajdullin, Alexei"]
[WhiteFideId "14156504"]
[BlackFideId "4141202"]
[WhiteElo "2320"]
[BlackElo "2279"]
[Result "0-1"]
[Round "06"]
[TimeControl "180+2"]
[Date "2023.04.18"]
[WhiteClock "0:00:01"]
[BlackClock "0:00:44"]

1. d4 Nf6 2. c4 g6 3. Nc3 Bg7 4. e4 d6 5. Be2 O-O 6. Be3 Na6 7. g4 c5 8. d5 e6 9. g5 Nh5 10. Bxh5 gxh5 11. h4 exd5 12. cxd5 Bg4 13. f3 Bd7 14. Nge2 b5 15. Nf4 b4 16. Nce2 Bxb2 17. Nxh5 Bb5 18. Rb1 Bxe2 19. Qxe2 Bc3+ 20. Bd2 Bd4 21. Qxa6 f5 22. gxf6 Qe8 23. Ng7 Qe5 24. Nf5 Rae8 25. Qb7 Qxf6 26. Nxd4 Qxd4 27. Qa6 Rxf3 28. Kd1 Rd3 29. Rh2 Qxe4 30. Qxd6 Rf3 31. Rg2+ Kf7 32. Qd7+ Re7 33. Qb5 Qxb1+ 0-1


[Site "https://www.chess.com"]

[Event "Titled Tuesday Blitz April 18 Early 2023"]
[White "Ravi, Teja S."]
[Black "Bagrationi, Alexander"]
[WhiteFideId "5017220"]
[BlackFideId "14104954"]
[WhiteElo "2433"]
[BlackElo "2398"]
[Result "1-0"]
[Round "06"]
[TimeControl "180+2"]
[Date "2023.04.18"]
[WhiteClock "0:02:08"]
[BlackClock "0:01:09"]

1. d4 Nf6 2. c4 g6 3. g3 c5 4. d5 b5 5. cxb5 d6 6. Nc3 a6 7. bxa6 Bxa6 8. Bg2 Bg7 9. Nf3 O-O 10. O-O Nbd7 11. Rb1 Qa5 12. Bd2 Rfb8 13. b3 c4 14. b4 Rxb4 15. Qc2 Rxb1 16. Rxb1 Nc5 17. Nd4 Kf8 18. Ncb5 Qd8 19. Qxc4 Nfd7 20. Nc6 Qb6 21. Qh4 Bf6 22. Qxh7 Ke8 23. Nxd6+ exd6 24. Rxb6 Nxb6 25. Qg8+ 1-0


[Site "https://www.chess.com"]

[Event "Titled Tuesday Blitz April 18 Early 2023"]
[White "Ljukin, Sergei"]
[Black "Aaditya Dhingra"]
[WhiteFideId "14102200"]
[BlackFideId "25678191"]
[WhiteElo "2312"]
[BlackElo "2083"]
[Result "0-1"]
[Round "06"]
[TimeControl "180+2"]
[Date "2023.04.18"]
[WhiteClock "0:00:03"]
[BlackClock "0:00:28"]

1. e4 c6 2. d4 d5 3. e5 Bf5 4. Nd2 e6 5. Nb3 Nd7 6. Nf3 h6 7. Be2 Ne7 8. O-O g5 9. h3 Bh7 10. Nh2 Nf5 11. f4 gxf4 12. Bxf4 c5 13. dxc5 Bg7 14. Nf3 Qc7 15. Bd3 Nxc5 16. Bxf5 Bxf5 17. Nbd4 Bg6 18. Nb5 Qb6 19. Nd6+ Kd7 20. Be3 Qc6 21. c4 Ne4 22. cxd5 Qxd5 23. Nxe4 Bxe4 24. Qa4+ b5 25. Qa6 Qc6 26. Qa3 Rhc8 27. Ng5 Bf5 28. Nxf7 Bf8 29. Rad1+ Ke8 30. Nd6+ Bxd6 31. Rxd6 Qc4 32. Qa6 Rc7 33. Kh1 Qxf1+ 34. Kh2 Kf7 35. Bxh6 Rg8 0-1


[Site "https://www.chess.com"]

[Event "Titled Tuesday Blitz April 18 Early 2023"]
[White "Fiedorek, Michal"]
[Black "Skvortsov, Andrei"]
[WhiteFideId "1199528"]
[BlackFideId "24108600"]
[WhiteElo "2135"]
[BlackElo "2259"]
[Result "0-1"]
[Round "06"]
[TimeControl "180+2"]
[Date "2023.04.18"]
[WhiteClock "0:00:11"]
[BlackClock "0:01:58"]

1. d4 g6 2. Nf3 Bg7 3. e4 e6 4. Nc3 d5 5. e5 Nd7 6. h4 h6 7. Be3 a6 8. Qd2 c5 9. dxc5 Nxe5 10. Nxe5 Bxe5 11. O-O-O Ne7 12. Bxh6 Qc7 13. Be3 Nf5 14. Kb1 Bd7 15. f4 Nxe3 16. Qxe3 Bxc3 17. Qxc3 O-O-O 18. g3 d4 19. Rxd4 Bc6 20. Bg2 Bxg2 21. Rhd1 Rxd4 22. Rxd4 Rd8 23. a3 Bd5 0-1


[Site "https://www.chess.com"]

[Event "Titled Tuesday Blitz April 18 Early 2023"]
[White "Toropov, Pavel"]
[Black "Lehtosaari, Mauri"]
[WhiteFideId "24129178"]
[BlackFideId "501999"]
[WhiteElo "2182"]
[BlackElo "2512"]
[Result "1-0"]
[Round "06"]
[TimeControl "180+2"]
[Date "2023.04.18"]
[WhiteClock "0:00:15"]
[BlackClock "0:00:01"]

1. e4 d5 2. exd5 Qxd5 3. Nc3 Qd8 4. d4 Nf6 5. Bc4 a6 6. Nf3 b5 7. Bb3 c5 8. dxc5 Qxd1+ 9. Nxd1 e6 10. a4 b4 11. Be3 Bb7 12. O-O Nfd7 13. Bc4 Bxc5 14. b3 O-O 15. Nd4 Be7 16. Nb2 Ne5 17. Be2 Nbd7 18. Nc4 Nxc4 19. Bxc4 Nf6 20. Rfd1 Rfd8 21. Nf3 Nd5 22. Bd4 h6 23. Ne5 Bf6 24. Bb2 Nc3 25. Bxc3 bxc3 26. Nd7 Be7 27. Ne5 Bf6 28. Nd3 Kf8 29. Kf1 a5 30. f3 Bg5 31. Nc5 Bc6 32. Bb5 Bd5 33. Nd7+ Ke7 34. Nb6 Rab8 35. Nxd5+ exd5 36. Re1+ Kf6 37. Ke2 d4 38. Kd3 Be3 39. Rad1 g5 40. Re2 h5 41. Ree1 Kg6 42. Rf1 Kf6 43. f4 gxf4 44. g3 Rh8 45. gxf4 Rhg8 46. Rde1 Rg2 47. Re2 Rbg8 48. Ke4 Rxe2 49. Bxe2 Rg2 50. Bd3 Rxh2 51. b4 Rh4 52. bxa5 Rg4 53. a6 Rg8 54. Rb1 Re8+ 55. Kf3 Ra8 56. Rb7 h4 57. a7 h3 58. Kg3 h2 59. Kxh2 Bxf4+ 60. Kg2 Bd6 61. Kf3 Bc5 62. a5 Rxa7 63. Rb5 Be7 64. Ke4 Bd8 65. a6 Ke7 66. Rd5 Bb6 67. Rb5 Rxa6 68. Re5+ Kd6 69. Bxa6 1-0


[Site "https://www.chess.com"]

[Event "Titled Tuesday Blitz April 18 Early 2023"]
[White "Chernomordik, Pavel"]
[Black "Perez Gormaz, Matias"]
[WhiteFideId "2804530"]
[BlackFideId "3406342"]
[WhiteElo "2193"]
[BlackElo "2362"]
[Result "0-1"]
[Round "06"]
[TimeControl "180+2"]
[Date "2023.04.18"]
[WhiteClock "0:00:01"]
[BlackClock "0:00:04"]

1. e4 c5 2. Nc3 Nc6 3. Bb5 Nd4 4. Bc4 e6 5. Nge2 Ne7 6. O-O d5 7. exd5 exd5 8. Nxd5 Ne6 9. Nec3 Nxd5 10. Nxd5 Bd6 11. d3 O-O 12. Qh5 Nd4 13. c3 Nc6 14. Bg5 Qd7 15. f4 Qg4 16. Qxg4 Bxg4 17. Rae1 Rfe8 18. h3 Be6 19. f5 Bd7 20. f6 h6 21. Bc1 g5 22. h4 gxh4 23. Bxh6 Ne5 24. Ne7+ Kh7 25. Bf4 Nxc4 26. dxc4 Bxe7 27. fxe7 Be6 28. Bg5 h3 29. gxh3 Rg8 30. h4 Rae8 31. Kh2 Bxc4 32. Rf5 b6 33. b3 Be6 34. Rf6 Rg6 35. Rf2 Rgg8 36. Kg3 Kg6 37. Rf6+ Kh7 38. Kf4 Rxe7 39. Rh6+ Kg7 40. Rg1 Rd7 41. Bf6+ Kxh6 42. Rxg8 Rd1 43. Ke5 Re1+ 44. Kd6 Rf1 45. Ke7 Kh5 46. Rh8+ Kg4 47. h5 Rh1 48. h6 Kf5 49. h7 Rh6 50. Bg7 Rh5 51. Kf8 Rh3 52. c4 Kg6 53. Bc3 Rxh7 54. Rg8+ Kf5 55. Ke7 Rh2 56. Kd6 Rxa2 57. Rg3 Rc2 58. Rf3+ Ke4 59. Rg3 Rf2 60. Rg7 Rf3 0-1


[Site "https://www.chess.com"]

[Event "Titled Tuesday Blitz April 18 Early 2023"]
[White "Mendez Fortes, Eduardo Jesus"]
[Black "Rodchenkov, Sergey D."]
[WhiteFideId "3502376"]
[BlackFideId "4168712"]
[WhiteElo "2307"]
[BlackElo "2277"]
[Result "0-1"]
[Round "06"]
[TimeControl "180+2"]
[Date "2023.04.18"]
[WhiteClock "0:00:20"]
[BlackClock "0:00:09"]

1. e4 c5 2. Nf3 d6 3. d4 cxd4 4. Nxd4 Nf6 5. Nc3 a6 6. Bg5 e6 7. f4 h6 8. Bh4 Qb6 9. a3 Nbd7 10. Bf2 Qc7 11. Qf3 b5 12. O-O-O Bb7 13. Bd3 Be7 14. Rhe1 Nc5 15. Qh3 Rc8 16. g4 d5 17. e5 Nfe4 18. Nxe4 Nxe4 19. Bxe4 dxe4 20. f5 exf5 21. e6 Bg5+ 22. Kb1 f4 23. exf7+ Qxf7 24. Nf5 O-O 25. Bd4 Qc4 26. Qg2 f3 27. Qf2 Rxf5 28. gxf5 b4 29. b3 Qb5 30. a4 Qxf5 31. Rg1 Bf6 32. Qd2 Rc7 33. Qxb4 f2 34. Rgf1 e3 35. Rc1 e2 36. Rxf2 Qe4 37. Bxf6 Qxb4 38. Rxe2 gxf6 39. Rg1+ Kf7 40. Reg2 Be4 41. Rg7+ Ke6 42. Rxc7 Qxb3+ 43. Kc1 Qe3+ 44. Kb2 Qxg1 45. Rc4 Qb6+ 46. Kc3 Bd5 47. Rh4 Qa5+ 48. Kb2 Qe1 49. Rxh6 Qe5+ 50. Ka3 Qe3+ 51. Kb4 Qxh6 0-1


[Site "https://www.chess.com"]

[Event "Titled Tuesday Blitz April 18 Early 2023"]
[White "Coenen, Michael"]
[Black "Karthik Rajaa"]
[WhiteFideId "4697367"]
[BlackFideId "25035215"]
[WhiteElo "2328"]
[BlackElo "2215"]
[Result "0-1"]
[Round "06"]
[TimeControl "180+2"]
[Date "2023.04.18"]
[WhiteClock "0:00:04"]
[BlackClock "0:00:08"]

1. e4 c6 2. d4 d5 3. exd5 cxd5 4. Bd3 Nc6 5. c3 Nf6 6. h3 e5 7. dxe5 Nxe5 8. Nf3 Nxd3+ 9. Qxd3 Bd6 10. O-O O-O 11. Bg5 h6 12. Bxf6 Qxf6 13. Qxd5 Rd8 14. Qh5 Bf5 15. Nbd2 Bf4 16. Nb3 g6 17. Qh4 g5 18. Qh5 Kg7 19. Nfd4 Bg6 20. Qf3 a5 21. a4 Qb6 22. Rad1 Re8 23. Rfe1 Kh7 24. g3 Be5 25. Qd5 Bxd4 26. Nxd4 Qxb2 27. Nb5 Qc2 28. Rc1 Rxe1+ 29. Rxe1 Qxa4 30. Qxb7 Rd8 31. Nd4 Qc4 32. Re3 a4 33. Qa7 Rf8 34. Qe7 Kg8 35. Kh2 Qa6 36. Qa3 Ra8 37. Nf3 Qf6 38. Kg2 Qc6 39. Kh2 Rb8 40. Ne5 Qf6 41. Kg2 Re8 42. Qc5 Qf5 43. Nd3 Rxe3 44. fxe3 Qxd3 45. Qc8+ Kh7 46. Qc7 Be4+ 0-1


[Site "https://www.chess.com"]

[Event "Titled Tuesday Blitz April 18 Early 2023"]
[White "Stepanencu, Nicodim-Cosmin"]
[Black "Tregubov, Pavel V."]
[WhiteFideId "1256220"]
[BlackFideId "4115341"]
[WhiteElo "2185"]
[BlackElo "2425"]
[Result "0-1"]
[Round "06"]
[TimeControl "180+2"]
[Date "2023.04.18"]
[WhiteClock "0:00:02"]
[BlackClock "0:00:31"]

1. Nf3 Nf6 2. g3 c5 3. Bg2 Nc6 4. O-O e5 5. e4 g6 6. d3 Bg7 7. a3 O-O 8. Nc3 d6 9. Rb1 a5 10. h3 h6 11. Be3 Be6 12. Qd2 Kh7 13. Nb5 a4 14. c3 Ra5 15. c4 Ra8 16. Ne1 Nd4 17. Bxd4 cxd4 18. f4 Bd7 19. Nxd6 Nh5 20. fxe5 Nxg3 21. Rf3 Nh5 22. Nxf7 Qe7 23. Qf2 Be6 24. Nd6 Bxe5 25. Nb5 Nf4 26. Qd2 g5 27. Qb4 Qg7 28. Qc5 Rac8 29. Qb6 g4 30. hxg4 Bxg4 31. Rf2 Rc6 32. Qa7 Rg6 33. Kh1 Nxg2 34. Rxf8 Qxf8 35. Nxg2 Bf3 36. Rg1 Qe7 37. Qb6 0-1


[Site "https://www.chess.com"]

[Event "Titled Tuesday Blitz April 18 Early 2023"]
[White "Malek, Jan"]
[Black "Jumanov, Elbek"]
[WhiteFideId "21864080"]
[BlackFideId "14202905"]
[WhiteElo "2255"]
[BlackElo "2055"]
[Result "0-1"]
[Round "06"]
[TimeControl "180+2"]
[Date "2023.04.18"]
[WhiteClock "0:00:12"]
[BlackClock "0:00:18"]

1. f4 c5 2. Nf3 e6 3. g3 Nc6 4. Bg2 Nf6 5. O-O Be7 6. d3 O-O 7. e4 d5 8. Nc3 Rb8 9. e5 Nd7 10. d4 cxd4 11. Nxd4 Nxd4 12. Kh1 Nc6 13. h4 b5 14. h5 b4 15. Ne2 f5 16. h6 g5 17. fxg5 Bxg5 18. Nf4 Ndxe5 19. b3 Bxh6 20. Bb2 Qg5 21. Nxd5 exd5 22. Qxd5+ Nf7 23. Qxc6 Bb7 24. Qe6 Bxg2+ 25. Kxg2 Rb6 26. Qc4 Rg6 27. Rf3 Qd2+ 28. Rf2 Qe3 29. Rf3 Qe4 30. Qd3 Qxd3 31. cxd3 f4 32. Re1 Rxg3+ 33. Rxg3+ fxg3 34. Re6 Bg7 35. Bc1 Rd8 36. Be3 Bc3 37. Bxa7 Rxd3 38. Bb8 h5 39. Kh3 g2+ 40. Kxg2 Rd2+ 41. Kh3 Ng5+ 42. Kh4 Nxe6 43. Kxh5 Rxa2 44. Kg6 Rb2 45. Kf5 Rxb3 46. Ke4 Rb1 47. Kd5 b3 48. Kc4 b2 49. Kb3 Rc1 50. Be5 b1=Q+ 51. Kc4 Bxe5+ 52. Kd5 Qb5+ 53. Ke4 Rc4+ 54. Kf5 Bd6+ 55. Kg6 Qg5# 0-1


[Site "https://www.chess.com"]

[Event "Titled Tuesday Blitz April 18 Early 2023"]
[White "HamedWafa4"]
[Black "Averjanov, Alexey"]
[BlackFideId "14109867"]
[WhiteElo "2476"]
[BlackElo "2622"]
[Result "0-1"]
[Round "06"]
[TimeControl "180+2"]
[Date "2023.04.18"]
[WhiteClock "0:00:01"]
[BlackClock "0:01:05"]

1. e4 c6 2. d4 d5 3. e5 Bf5 4. h4 h5 5. Bd3 Bxd3 6. Qxd3 e6 7. Nf3 Qa5+ 8. Nbd2 Qa6 9. c4 Nh6 10. O-O Nf5 11. b3 Nd7 12. Qc3 Be7 13. a4 Nxh4 14. Nxh4 Bxh4 15. Ba3 Qb6 16. Nf3 Be7 17. Bxe7 Kxe7 18. Rfc1 g6 19. Ng5 Qd8 20. Qb4+ Ke8 21. cxd5 cxd5 22. Rc3 Qb6 23. Qa3 a5 24. Rac1 Qb4 25. Qxb4 axb4 26. Rc7 Ke7 27. Rxb7 Rhc8 28. Rxc8 Rxc8 29. Nxf7 Rc3 30. Nd6 Rxb3 31. Nc8+ Kd8 32. Nd6 Rb1+ 33. Kh2 b3 34. a5 b2 35. Nf7+ Ke8 36. Nd6+ Kd8 37. a6 Ra1 38. Rxb2 Rxa6 39. Nf7+ Ke7 40. Nd6 Ra7 41. Rc2 Ra8 42. Rc7 g5 43. f3 Rf8 44. Kg3 Rf4 45. Rc8 Rf8 46. Rc7 Rf4 47. Rc8 Nb6 48. Rc7+ Kd8 49. Rb7 Nc4 50. Rb8+ Kd7 51. Rb7+ Kc6 52. Rg7 Rxd4 53. Nxc4 dxc4 54. Rg8 Kd5 55. Kf2 c3 0-1


[Site "https://www.chess.com"]

[Event "Titled Tuesday Blitz April 18 Early 2023"]
[White "Vaibhav Jayant Raut"]
[Black "Sandoval Mercado, Carlos"]
[WhiteFideId "5089034"]
[BlackFideId "5109434"]
[WhiteElo "2156"]
[BlackElo "2257"]
[Result "1-0"]
[Round "06"]
[TimeControl "180+2"]
[Date "2023.04.18"]
[WhiteClock "0:00:51"]
[BlackClock "0:00:01"]

1. c4 e5 2. g3 Nf6 3. Bg2 g6 4. Nf3 Nc6 5. Nc3 Bg7 6. d3 O-O 7. O-O d6 8. Rb1 a5 9. a3 Re8 10. Ne1 Nd4 11. e3 Ne6 12. b4 axb4 13. axb4 c6 14. b5 d5 15. bxc6 bxc6 16. cxd5 cxd5 17. Qb3 Nc5 18. Qb5 Bf8 19. d4 Ba6 20. Qb6 Qxb6 21. Rxb6 Bxf1 22. Kxf1 Ncd7 23. Rb1 e4 24. f3 Rec8 25. Bd2 exf3 26. Bxf3 Rab8 27. Rxb8 Rxb8 28. Nxd5 Nxd5 29. Bxd5 Nf6 30. Bf3 Bh6 31. Ke2 Re8 32. Kd3 Kg7 33. Nc2 Nd7 34. Bc3 f5 35. Bc6 Rd8 36. Ke2 Nf6 37. d5 Kf7 38. Nb4 Bf8 39. Nd3 Nxd5 40. Bd4 Bg7 41. Bc5 1-0


[Site "https://www.chess.com"]

[Event "Titled Tuesday Blitz April 18 Early 2023"]
[White "Melikhov, Evgeny V."]
[Black "Zarubitski, Viachaslau"]
[WhiteFideId "4122046"]
[BlackFideId "13509373"]
[WhiteElo "2158"]
[BlackElo "2284"]
[Result "0-1"]
[Round "06"]
[TimeControl "180+2"]
[Date "2023.04.18"]
[WhiteClock "0:00:09"]
[BlackClock "0:00:14"]

1. d4 Nf6 2. c4 Nc6 3. Nf3 e6 4. Nc3 Bb4 5. Qc2 O-O 6. a3 Bxc3+ 7. Qxc3 a5 8. b3 d6 9. Bb2 Qe7 10. e3 Re8 11. Be2 e5 12. dxe5 dxe5 13. O-O Bg4 14. h3 Bf5 15. Rad1 Ne4 16. Qc1 Nc5 17. Qc3 Ne4 18. Qc1 Nc5 19. Qc3 f6 20. Rd5 Ne4 21. Qc1 Nc5 22. Qc3 Be6 23. Rdd1 Rad8 24. Rxd8 Rxd8 25. Rd1 Rxd1+ 26. Bxd1 Qd7 27. Bc2 Bf5 28. Ne1 Bxc2 29. Qxc2 g6 30. Bc3 Qf5 31. Qxf5 gxf5 32. b4 Ne4 33. Bb2 axb4 34. axb4 Nxb4 35. f3 Nd6 36. c5 Nc4 37. Bc3 Nd5 38. Ba1 Ndxe3 39. Kf2 Nd5 40. Nd3 Kf7 41. g4 Ke6 42. c6 b6 43. Nb2 Nxb2 44. Bxb2 fxg4 45. hxg4 Kd6 46. Ba3+ Kxc6 47. Bf8 b5 48. Ke2 b4 49. Kd3 Kb5 50. Bg7 c5 51. g5 c4+ 52. Kc2 fxg5 53. Bxe5 b3+ 54. Kb2 Kc5 55. Bg7 Kb4 56. Bf8+ Ka4 57. Bh6 c3+ 58. Kb1 Nb4 59. Bxg5 Nd3 60. Ka1 c2 61. f4 b2+ 62. Ka2 b1=Q# 0-1


[Site "https://www.chess.com"]

[Event "Titled Tuesday Blitz April 18 Early 2023"]
[White "Kim, Sergey"]
[Black "Rios Escobar, Adan"]
[WhiteFideId "13700570"]
[BlackFideId "3403645"]
[WhiteElo "2620"]
[BlackElo "2461"]
[Result "0-1"]
[Round "06"]
[TimeControl "180+2"]
[Date "2023.04.18"]
[WhiteClock "0:00:28"]
[BlackClock "0:00:05"]

1. d4 Nf6 2. c4 g6 3. Nc3 Bg7 4. e4 d6 5. Nge2 a6 6. a4 a5 7. Ng3 h5 8. h4 Na6 9. Be2 Nb4 10. Ra3 c6 11. O-O O-O 12. Bg5 Nh7 13. Be3 e5 14. dxe5 Bxe5 15. f4 Bg7 16. Bf2 Nf6 17. c5 dxc5 18. Bxc5 Re8 19. Qxd8 Rxd8 20. e5 Ng4 21. Nce4 Be6 22. Rc3 Rd7 23. Bb6 Nd5 24. Bc5 Nxc3 25. bxc3 Rad8 26. Bb6 Ra8 27. c4 Kh8 28. c5 Rd4 29. Nd6 Rxa4 30. Bxg4 hxg4 31. Nge4 Bh6 32. g3 Bd5 33. Nf6 Ra2 34. Rd1 Bf8 35. Nxd5 cxd5 36. Rxd5 a4 37. Nxf7+ Kg8 38. e6 a3 39. Rd1 Rb2 40. Ne5 a2 41. e7 Bxe7 42. Nxg6 Rb1 43. Nxe7+ Kf7 0-1


[Site "https://www.chess.com"]

[Event "Titled Tuesday Blitz April 18 Early 2023"]
[White "Orujov2008"]
[Black "Berezin, Viktor"]
[BlackFideId "14107872"]
[WhiteElo "2442"]
[BlackElo "2310"]
[Result "0-1"]
[Round "06"]
[TimeControl "180+2"]
[Date "2023.04.18"]
[WhiteClock "0:00:01"]
[BlackClock "0:00:06"]

1. e4 g6 2. d4 Bg7 3. Nc3 d6 4. Nf3 Nf6 5. Be2 O-O 6. O-O Nc6 7. d5 Nb8 8. h3 e5 9. Be3 c6 10. Nd2 c5 11. a4 Na6 12. Nc4 Nb4 13. f3 Nh5 14. Na2 Nxa2 15. Rxa2 f5 16. c3 Ng3 17. Re1 fxe4 18. fxe4 Nxe4 19. Bf3 Nf6 20. b4 cxb4 21. cxb4 Bf5 22. Na5 Qd7 23. Qd2 Rfc8 24. Raa1 a6 25. Rac1 Rxc1 26. Rxc1 Rc8 27. Nc4 Qe7 28. Be2 Ne4 29. Qe1 h5 30. Nb6 Rxc1 31. Qxc1 Qh4 32. Bf3 Qg3 33. Bxe4 Bxe4 34. Qd2 Bf5 35. Kh1 Qh4 36. Bg5 Qe4 37. Be7 Bxh3 38. Bxd6 Bh6 39. Qf2 Bf4 40. Be7 Bf5 41. a5 Be3 42. Qf1 h4 43. d6 h3 44. d7 hxg2+ 45. Qxg2 Qb1+ 46. Kh2 Bf4+ 47. Qg3 Qc2+ 48. Kh1 Qd1+ 49. Qg1 Be4# 0-1


[Site "https://www.chess.com"]

[Event "Titled Tuesday Blitz April 18 Early 2023"]
[White "Lamaze, Simon"]
[Black "Girsh, Daniel"]
[WhiteFideId "36069264"]
[BlackFideId "30949190"]
[WhiteElo "2272"]
[BlackElo "2075"]
[Result "1-0"]
[Round "06"]
[TimeControl "180+2"]
[Date "2023.04.18"]
[WhiteClock "0:01:01"]
[BlackClock "0:00:26"]

1. e4 c5 2. Nf3 d6 3. d4 cxd4 4. Nxd4 Nf6 5. Nc3 Nc6 6. Bg5 e6 7. Bb5 a6 8. Nxc6 Qc7 9. Nd4+ axb5 10. Ndxb5 Qc6 11. Qd4 e5 12. Qd3 Be6 13. Bxf6 gxf6 14. Nd5 Ra5 15. c4 Bh6 16. Nxf6+ Ke7 17. Nd5+ Kd7 18. a4 Rf8 19. b4 Raa8 20. O-O f6 21. a5 f5 22. f3 Rae8 23. Na7 Qa6 24. Nb6+ Ke7 25. Nb5 Rd8 26. Nc7 Qa7 27. Nxe6 Kxe6 28. exf5+ Rxf5 29. Rae1 Bf4 30. g3 Rg8 31. Qd5+ Ke7 32. Qxg8 Rg5 33. Qxh7+ Kf6 34. Kg2 Rg6 35. Nd7+ Kf5 36. Qf7+ Kg5 37. gxf4+ Kh6+ 38. Kh1 Qd4 39. Rg1 Qd3 40. Qxg6+ Qxg6 41. Rxg6+ Kxg6 42. fxe5 dxe5 43. Nxe5+ Kf5 44. Nd3 b6 45. Nc5 bxc5 46. bxc5 Kf4 47. c6 Kxf3 48. c7 Kf2 49. c8=Q Kxe1 50. Qh3 Kd2 51. Qg3 Ke2 52. h4 Kd2 53. h5 Ke2 54. h6 Kf1 55. h7 Ke2 56. h8=Q Kf1 57. a6 Ke2 58. Qhh2+ Kf1 59. Qgg1# 1-0


[Site "https://www.chess.com"]

[Event "Titled Tuesday Blitz April 18 Early 2023"]
[White "Akylbek2021"]
[Black "Avramidou, Anastasia"]
[BlackFideId "4239873"]
[WhiteElo "2429"]
[BlackElo "2160"]
[Result "1-0"]
[Round "06"]
[TimeControl "180+2"]
[Date "2023.04.18"]
[WhiteClock "0:00:24"]
[BlackClock "0:00:04"]

1. e4 g6 2. d4 Bg7 3. Nc3 c6 4. Be3 d5 5. Nf3 dxe4 6. Nxe4 Nf6 7. Bd3 Nxe4 8. Bxe4 Nd7 9. h3 Nf6 10. Bd3 O-O 11. c4 Qa5+ 12. Qd2 Qxd2+ 13. Kxd2 Rd8 14. Rad1 Bf5 15. Bxf5 gxf5 16. Kc2 e6 17. Nd2 Nh5 18. g4 fxg4 19. hxg4 Nf6 20. g5 Ng4 21. Ne4 e5 22. d5 cxd5 23. Rxd5 Rxd5 24. cxd5 Rc8+ 25. Kb3 b6 26. d6 Rd8 27. Kc4 f5 28. gxf6 Nxf6 29. Nxf6+ Bxf6 30. Rd1 Kf7 31. Kd5 e4 32. b3 h5 33. Rc1 h4 34. Bf4 h3 35. Rh1 Rh8 36. d7 Ke7 37. Kc6 Ke6 38. Bc7 Be7 39. a4 Bf6 40. Rd1 h2 41. Rh1 Rh6 42. Rxh2 Rg6 43. d8=Q Bxd8 44. Bxd8 e3 45. fxe3 Rg3 46. Kb7 Rxe3 47. Rb2 Kd5 48. Kxa7 Kc6 49. Bxb6 Re7+ 50. Ka6 Re8 51. b4 Ra8+ 52. Ba7 Re8 53. b5+ Kd5 54. b6 Kc6 55. b7 Kc7 56. b8=Q+ Rxb8 57. Bxb8+ 1-0


[Site "https://www.chess.com"]

[Event "Titled Tuesday Blitz April 18 Early 2023"]
[White "kuanysh1981"]
[Black "Sokolovsky, Yahli"]
[BlackFideId "2820242"]
[WhiteElo "2427"]
[BlackElo "2316"]
[Result "0-1"]
[Round "06"]
[TimeControl "180+2"]
[Date "2023.04.18"]
[WhiteClock "0:00:07"]
[BlackClock "0:00:09"]

1. e4 d6 2. d4 Nf6 3. Bd3 g6 4. Nf3 Bg7 5. h3 O-O 6. O-O c5 7. c3 Nc6 8. Re1 e5 9. Be3 cxd4 10. cxd4 d5 11. exd5 exd4 12. Nxd4 Nxd4 13. Bxd4 Qxd5 14. Bc3 Rd8 15. Be2 Bf5 16. Qxd5 Rxd5 17. Bf3 Rd7 18. Na3 Rc8 19. Rad1 Rxd1 20. Rxd1 Ne4 21. Bxg7 Kxg7 22. g4 Ng5 23. Bg2 Be6 24. Nb5 h5 25. f4 Nh7 26. Nd6 Rc2 27. f5 gxf5 28. gxf5 Bxa2 29. Ne8+ Kf8 30. Rd8 Ke7 31. Ra8 Rxb2 32. f6+ Nxf6 33. Nxf6 Kxf6 34. Rxa7 b5 35. Ra6+ Kg5 36. Rb6 Be6 37. Kf1 h4 38. Kg1 Kf4 39. Bf1 Kg3 40. Rxb5 Rxb5 41. Bxb5 Bxh3 42. Bc6 f5 43. Bd7 f4 44. Bc6 f3 45. Bb5 f2+ 0-1


[Site "https://www.chess.com"]